 Dungeon Crawl Stone Soup version 0.30.1 (webtiles) character file.

Game seed: 1732663780613713958

2959 AgateBread the Zephyrmancer (level 9, -5/45 HPs)
             Began as a Tengu Air Elementalist on July 6, 2023.
             Was a Follower of Vehumet.
             Asphyxiated
             ... on level 7 of the Dungeon.
             The game lasted 00:55:28 (12347 turns).

AgateBread the Zephyrmancer (TeAE)                 Turns: 12347, Time: 00:55:29

Health: -5/45      AC:  4    Str: 10    XL:     9   Next: 81%
Magic:  3/22       EV: 15    Int: 25    God:    Vehumet [*.....]
Gold:   753        SH:  0    Dex: 14    Spells: 14/25 levels left

rFire   + . .        s - +1 dagger (elec)
rCold   . . .        (no shield)
rNeg    . . .        o - +1 robe {rF+}
rPois   .            (helmet restricted)
rElec   .            f - +0 cloak
rCorr   .            (no gloves)
SInv    .            (boots unavailable)
Will    .....        g - amulet of regeneration
Stlth   ++           z - +6 ring of intelligence
HPRegen 1.07/turn    (no ring)
MPRegen 0.18/turn

%: no passive effects
@: lethally poisoned (-5 -> -13), flying quickly and evasively, hasted, very
quick
A: beak, talons 3, nimble flight
a: Renounce Religion


You were on level 7 of the Dungeon.
You worshipped Vehumet.
Vehumet was aware of your devotion.
You visited 2 branches of the dungeon, and saw 8 of its levels.
You also visited: Sewer and Bailey.

You collected 753 gold pieces.

Inventory:

Hand Weapons
 h - a +1 dagger of draining
 i - a +3 rapier of freezing
 s - a +1 dagger of electrocution (weapon)
 H - a +0 falchion
 K - a +0 long sword
 M - a +3 demon blade of draining
Missiles
 b - 3 curare-tipped darts
 C - 2 throwing nets
Armour
 f - a +0 cloak (worn)
 o - a +1 robe of fire resistance (worn)
 p - a +0 ring mail
 x - a +0 leather armour
 L - a +0 scale mail
Magical Staves
 r - a staff of cold
Jewellery
 g - an amulet of regeneration (around neck)
 z - a +6 ring of intelligence (left hand)
 A - a ring of resist corrosion
Wands
 v - a wand of flame (16)
Scrolls
 a - a scroll of fear {unknown}
 c - 2 scrolls of silence {unknown}
 d - a scroll of torment {unknown}
 j - a scroll of magic mapping
 k - 4 scrolls of enchant armour
 n - 2 scrolls of poison
 u - 3 scrolls of teleportation
 y - a scroll of amnesia {unknown}
 B - a scroll of immolation {unknown}
 I - a scroll of enchant weapon {unknown}
Potions
 e - a potion of degeneration {unknown}
 l - 3 potions of resistance {unknown}
 m - a potion of curing {unknown}
 q - a potion of brilliance {unknown}
 t - 2 potions of berserk rage
 w - a potion of ambrosia {unknown}
 D - a potion of lignification {unknown}
 E - a potion of haste
 F - a potion of mutation {unknown}
 G - a potion of invisibility {unknown}
Miscellaneous
 J - a condenser vane


   Skills:
 - Level 2.3 Dodging
 - Level 2.1 Stealth
 + Level 8.9 Spellcasting
 - Level 1.6 Conjurations
 - Level 10.0 Air Magic
 + Level 5.9 Poison Magic


You had 14 spell levels left.
You knew the following spells:

 Your Spells              Type           Power      Damage    Failure   Level
a - Shock                 Conj/Air       100%       1d9       1%          1
b - Poisonous Vapours     Pois/Air       100%       N/A       1%          2
c - Airstrike             Air            28%        2d(5-21)  1%          4
d - Olgreb's Toxic Radia  Pois           41%        N/A       4%          4

Your spell library contained the following spells:

 Spells                   Type           Power      Damage    Failure   Level
 Kiss of Death            Conj/Necr      60%        2d10      4%          1
 Sting                    Tmut/Pois      100%       1d8       1%          1
 Static Discharge         Conj/Air       80%        2-6/arc   1%          2
 Swiftness                Air            57%        N/A       1%          3
 Necrotise                Necr           44%        1d6       5%          1
 Ensorcelled Hibernation  Hex/Ice        22%        N/A       9%          2
 Passwall                 Tmut/Erth      9%         N/A       9%          2
 Vampiric Draining        Necr           11%        2d6       17%         3
 Animate Dead             Necr           11%        N/A       50%         4
 Agony                    Necr           11%        N/A       83%         5
 Haunt                    Necr/Summ      5%         N/A       100%        7
 Infestation              Necr           5%         N/A       100%        8
 Chain Lightning          Conj/Air       20%        3d26      100%        9
 Fire Storm               Conj/Fire      7%         8d2       100%        9
 Shatter                  Erth           5%         3d8*      100%        9


Dungeon Overview and Level Annotations

Branches:
Dungeon (7/15)             Temple (1/1) D:6           Sewer (visited)
 Bailey (visited)

Altars:
Ashenzari
Cheibriados
Dithmenos
Elyvilon
Fedhas
Hepliaklqana
Kikubaaqudgha
Makhleb
Nemelex Xobeh
Okawaru
Ru
Trog
Vehumet
Xom
Yredelemnul
Zin

Shops:
D:6 =

Annotations:
D:3 3 runed translucent doors, bzaaaaa's ghost, amateur DEEE


Innate Abilities, Weirdness & Mutations

You have a beak for a mouth.
You have claws for feet.
Your magical nature lets you fly swiftly and evasively.


Message History

The white imp gestures at you. The puff of frost misses you.
You closely miss the white imp. You claw the white imp. You peck the white imp.
The white imp is severely wounded.
The white imp closely misses you.
You hit the white imp but do no damage. Your kick misses the white imp.
Your peck misses the white imp.
The white imp is severely wounded.
The white imp hits you but does no damage.
You hit the white imp.
You claw the white imp, but do no damage.
The white imp is severely wounded.
The white imp barely misses you.
You barely miss the white imp. Your kick misses the white imp.
The white imp is severely wounded.
The white imp hits you. The white imp freezes you.
You hit the white imp but do no damage. Your peck misses the white imp.
The white imp is severely wounded.
The white imp hits you.
* * * LOW HITPOINT WARNING * * *
The white imp freezes you.
* * * LOW HITPOINT WARNING * * *
You hit the white imp.
Lightning courses through the white imp!!
You kill the white imp!
Vehumet accepts your kill.
The kobold brigand shouts!
The kobold brigand zaps a wand.
The puff of flame misses you.
You see here a +0 falchion.
The kobold brigand zaps a wand.
The puff of flame hits you. You resist.
* * * LOW HITPOINT WARNING * * *
You feel yourself speed up.
The kobold brigand zaps a wand.
The puff of flame hits you. You resist.
* * * LOW HITPOINT WARNING * * *
There is a stone staircase leading up here.
The kobold brigand throws a curare-tipped dart.
The curare-tipped dart hits you.
You are lethally poisoned!
You have difficulty breathing.
You die...

*,,,,,**,**,,,** *,,,...,,,,,,,,*
***** **,....,,,,*,,,, **,,,***
*#....,,,,*,,,, *,,,,,,* ##*
*.....,,,,,,*,, ****,,,,,* ##.*
##.........#....
*,****,,*###..###....#..........
**,***,,,,#...........##.........
*,,,,,,,,.#.....@......#.........
,,,,,,,*,........).....#.........
,,*,,,,**#......)..).)...........
,,,,,,,**...............#......#,
,,,,,,,,,.#.............#......##
,**,,,,*,......................#.
***,,,,**##.......###..K##.#..<..
***,,****#...##..#*#...#..#.....
**,*,,**,....#*####....###....#.#


You could see a kobold brigand.

Vanquished Creatures
  Prince Ribbit (D:7)
  3 water moccasins
  A sky beast (D:7)
  Pargi (Sewer)
  3 black bears
  4 orc warriors (Bailey)
  2 ice beasts
  A phantom (D:6)
  7 kobold brigands (Bailey)
  A scorpion (D:6)
  A bullfrog (D:7)
  5 hounds
  A sleepcap (D:4)
  Jessica (D:2)
  2 iguanas (D:5)
  8 orc wizards
  Robin (D:2)
  4 gnolls (D:4)
  7 adders
  2 white imps
  An ufetubus (D:7)
  An adder zombie (D:3)
  4 worms
  3 dart slugs
  23 orcs
  7 ball pythons
  10 endoplasms
  9 giant cockroaches
  13 hobgoblins
  6 jackals (D:1)
  18 kobolds
  5 quokkas
  7 bats
  6 frilled lizards
  21 goblins
  A quokka zombie (D:3)
  3 rats
194 creatures vanquished.

Notes
Turn   | Place    | Note
-------+----------+-------------------------------------------
     0 | D:1      | AgateBread the Tengu Air Elementalist began the quest for
                  | the Orb.
     0 | D:1      | Reached XP level 1. HP: 10/10 MP: 4/4
   407 | D:1      | Found a faded altar of an unknown god.
   663 | D:1      | Reached XP level 2. HP: 15/15 MP: 3/6
  2089 | D:1      | Reached XP level 3. HP: 19/19 MP: 3/7
  3055 | D:2      | Noticed Jessica
  3057 | D:2      | Reached skill level 5 in Air Magic
  3062 | D:2      | Killed Jessica
  3063 | D:2      | Reached XP level 4. HP: 24/24 MP: 2/9
  3111 | D:2      | Noticed Robin
  3120 | D:2      | Killed Robin
  3414 | D:2      | Identified the +0 plate armour of Qyutsis {+Blink rF+
                  | Slay+2}
  4078 | D:3      | Gained mutation: Your magical nature lets you fly swiftly
                  | and evasively. [Tengu growth]
  4078 | D:3      | Reached XP level 5. HP: 28/28 MP: 8/11
  4655 | D:3      | Learned a level 2 spell: Poisonous Vapours
  4737 | D:3      | Reached skill level 6 in Air Magic
  5120 | D:3      | Found a runed translucent gate.
  5120 | D:3      | Found a runed translucent gate.
  5120 | D:3      | Found a runed translucent gate.
  5120 | D:3      | Noticed bzaaaaa's ghost (amateur DEEE)
  5122 | D:3      | Found a basalt altar of Yredelemnul.
  5423 | D:3      | Found a sparkling altar of Nemelex Xobeh.
  6048 | D:4      | Found a glowing drain.
  6048 | D:4      | Noticed a black bear
  6061 | D:4      | Killed a black bear
  6062 | D:4      | Reached XP level 6. HP: 21/32 MP: 4/13
  6086 | Sewer    | Entered a sewer
  6206 | Sewer    | Noticed Pargi
  6213 | Sewer    | Killed Pargi
  6214 | Sewer    | Reached skill level 7 in Air Magic
  6662 | D:4      | Reached XP level 7. HP: 28/32 MP: 12/15
  6751 | D:4      | Reached skill level 5 in Spellcasting
  6835 | D:4      | Reached skill level 8 in Air Magic
  7525 | D:5      | Entered Level 5 of the Dungeon
  7577 | D:5      | Learned a level 4 spell: Airstrike
  8817 | D:5      | Found a hazy altar of Hepliaklqana.
  9101 | D:5      | Reached skill level 9 in Air Magic
  9101 | D:5      | Reached XP level 8. HP: 41/41 MP: 6/18
  9333 | D:5      | Found a snail-covered altar of Cheibriados.
  9656 | D:6      | Found Reraoh's Jewellery Emporium.
 10182 | D:6      | Found a staircase to the Ecumenical Temple.
 10196 | Temple   | Entered the Ecumenical Temple
 10318 | Temple   | Became a worshipper of Vehumet
 10362 | D:6      | Reached skill level 10 in Air Magic
 10823 | D:6      | Reached skill level 1 in Poison Magic
 11372 | D:7      | Reached XP level 9. HP: 38/45 MP: 3/21
 11402 | D:7      | Reached * piety under Vehumet
 11402 | D:7      | Offered knowledge of Kiss of Death by Vehumet.
 11407 | D:7      | Found a flagged portal.
 11420 | Bailey   | Entered a bailey
 11919 | Bailey   | Reached skill level 5 in Poison Magic
 12074 | Bailey   | Found an iron altar of Okawaru.
 12197 | D:7      | Found an ancient bone altar of Kikubaaqudgha.
 12197 | D:7      | Found an iron altar of Okawaru.
 12241 | D:7      | Noticed Prince Ribbit
 12259 | D:7      | Killed Prince Ribbit
 12308 | D:7      | Learned a level 4 spell: Olgreb's Toxic Radiance
 12347 | D:7      | Asphyxiated

Illustrated notes

Levels and vault maps discovered:
D:1:      psy_arrival_statuary, layout_basic, shapermc_ecumenical_altar_venn,
          hangedman_decor_push, minmay_pentomino_t4
D:2:      layout_basic, serial_corexii_hall, corexii_hall_statues_i,
          corexii_hall_statues_l, corexii_hall_statues_x,
          chequers_hall_statues_corner_a, uniq_robin, uniq_jessica
D:3:      layout_loops_cross, nicolae_yredelemnul_ghost_church,
          nicolae_overflow_hidden_temple, st_stairs_7, hex_medium,
          kennysheep_nub, chequers_serial_rivers_marsh
D:4:      layout_loops_ring, cheibrodos_sewer_entry_drain,
          chequers_serial_rivers_marsh, st_stairs_4,
          minmay_a_box_with_orc_wizards_in_it
D:5:      layout_loops_ring, mainiacjoe_overflow_alcove_4, lemuel_doored_altar
D:6:      layout_rooms, minmay_temple_entry_slanted, serial_shops,
          nicolae_shop_real_fake_doors, serial_co_window_serial,
          co_window_corner_a, co_window_corner_a, co_window_of_opportunity_a,
          co_window_corner_a, co_window_paths_b, co_window_paths_b,
          co_window_of_opportunity_a, co_window_paths_a,
          co_window_of_opportunity_a, co_window_broadway_c,
          co_window_of_opportunity_b, co_window_broadway_b,
          co_window_broadway_b, co_window_corner_ca, co_window_paths_c,
          glass_columns_a, glass_columns_c, glass_columns_b, glass_columns_b
D:7:      layout_cave_pools, nicolae_overflow_two_pavilions, enter_bailey_5,
          uniq_prince_ribbit1
Temple:   compressed_dpeg_circular_temple

Skill      XL: |  1  2  3  4  5  6  7  8  9 |
---------------+----------------------------+-----
Air Magic      | 5 6 7 9 10 | 10.0
Spellcasting   | 3 4 6 7 8 |  8.9
Poison Magic   | 2 5 |  5.9
Dodging        | |  2.3
Stealth        | |  2.1
Conjurations   | |  1.6

Action                     |  1- 3 |  4- 6 |  7- 9 || total
---------------------------+-------+-------+-------++-------
  Melee: Dagger            |    25 |   111 |    88 ||   224
         Kick              |    10 |    21 |    24 ||    55
         Peck              |     2 |    12 |    15 ||    29
         Punch             |     1 |     2 |     2 ||     5
   Fire: Sling             |     3 |       |       ||     3
  Throw: Dart              |       |       |     2 ||     2
   Cast: Shock             |    65 |    45 |    36 ||   146
         Poisonous Vapours |       |    38 |    19 ||    57
         Airstrike         |       |       |    55 ||    55
         Olgreb's Toxic Ra |       |       |     2 ||     2
  Evoke: Wand              |       |       |    29 ||    29
    Use: Scroll            |       |     5 |     6 ||    11
         Potion            |       |     3 |     4 ||     7
   Stab: Sleeping          |       |     5 |     1 ||     6
 Armour: Robe              |     7 |    36 |    11 ||    54
  Dodge: Dodged            |    20 |   109 |    78 ||   207
